2491 views
Uploaded 2021-08-30 11:23:32
Game version 1.32.10
2:44 long 2on2 ladder game on (4)LostTemple_LV
Saved by lowlyworm
2491 views
Uploaded 2021-08-30 11:23:32
Game version 1.32.10
2:44 long 2on2 ladder game on (4)LostTemple_LV


/ 0k
12 buildings @ 2k
/ 0.5k

| Peon | 6 | 450 | / | 0 |
| Grunt | 1 | 200 | / | 0 |
| total: | 7 | 650g | / | 0w |
| Altar of Storms | 1 | 180 | / | 50 |
| Orc Burrow | 2 | 320 | / | 80 |
| Barracks | 2 | 360 | / | 100 |
| Voodoo Lounge | 1 | 130 | / | 30 |
| total: | 6 | 990g | / | 260w |
| 0:03 | Peon |
| 0:03 | Peon |
| 0:09 | Altar of Storms |
| 0:20 | Orc Burrow |
| 0:24 | Peon |
| 0:34 | Peon |
| 0:43 | Barracks |
| 0:51 | Peon |
| 1:01 | Orc Burrow |
| 1:19 | Peon |
| 1:37 | Barracks |
| 1:44 | Voodoo Lounge |
| 2:14 | Wind Walk |
| 2:14 | Wind Walk |
| 2:42 | Grunt |
| Right click | 122 |
| Chat | 70 |
| Select | 46 |
| Select group | 41 |
| Build/train/purchase | 15 |
| Misc. action | 9 |
| Assign group | 5 |
| Use ability | 1 |
| Esc | 1 |
| Minimap ping | 1 |

| Peon | 10 | 750 | / | 0 |
| total: | 10 | 750g | / | 0w |
| Watch Tower | 1 | 110 | / | 80 |
| Altar of Storms | 1 | 180 | / | 50 |
| Orc Burrow | 2 | 320 | / | 80 |
| War Mill | 1 | 205 | / | 0 |
| Barracks | 1 | 180 | / | 50 |
| total: | 6 | 995g | / | 260w |
| 0:04 | Peon |
| 0:04 | Peon |
| 0:08 | Altar of Storms |
| 0:12 | Orc Burrow |
| 0:15 | Peon |
| 0:43 | War Mill |
| 0:51 | Peon |
| 1:06 | Peon |
| 1:12 | Barracks |
| 1:15 | Peon |
| 1:23 | Peon |
| 1:40 | Peon |
| 1:47 | Peon |
| 1:59 | Orc Burrow |
| 2:02 | Peon |
| 2:19 | Feral Spirit |
| 2:29 | Watch Tower |
| Select | 49 |
| Right click | 40 |
| Chat | 27 |
| Build/train/purchase | 15 |
| Assign group | 7 |
| Misc. action | 2 |
| Esc | 2 |
| Use ability | 1 |
/ 0k
10 buildings @ 1k
/ 0.3k
| Wisp | 7 | 420 | / | 0 |
| Archer | 2 | 260 | / | 20 |
| total: | 9 | 680g | / | 20w |
| Altar of Elders | 1 | 180 | / | 50 |
| Moon Well | 2 | 360 | / | 80 |
| Ancient of War | 1 | 150 | / | 60 |
| total: | 4 | 690g | / | 190w |
| 0:02 | Wisp |
| 0:02 | Wisp |
| 0:06 | Altar of Elders |
| 0:10 | Moon Well |
| 0:25 | Ancient of War |
| 0:30 | Wisp |
| 0:40 | Wisp |
| 0:50 | Wisp |
| 1:03 | Wisp |
| 1:22 | Moon Well |
| 1:35 | Archer |
| 1:37 | Wisp |
| 1:53 | Archer |
| Select | 44 |
| Right click | 33 |
| Resource trade | 12 |
| Build/train/purchase | 10 |
| Select group | 8 |
| Misc. action | 2 |
| Use ability | 2 |
| Assign group | 1 |
| Peasant | 7 | 525 | / | 0 |
| total: | 7 | 525g | / | 0w |
| Scout Tower | 5 | 150 | / | 100 |
| Arcane Tower | 1 | 70 | / | 50 |
| Guard Tower | 3 | 210 | / | 150 |
| Lumber Mill | 1 | 120 | / | 0 |
| total: | 6 | 270g | / | 100w |
| 0:01 | Peasant |
| 0:12 | Lumber Mill |
| 0:15 | Peasant |
| 0:24 | Peasant |
| 0:38 | Peasant |
| 0:51 | Scout Tower |
| 0:53 | Scout Tower |
| 0:55 | Scout Tower |
| 0:58 | Peasant |
| 1:21 | Arcane Tower |
| 1:21 | Guard Tower |
| 1:23 | Guard Tower |
| 1:30 | Scout Tower |
| 1:36 | Peasant |
| 1:47 | Peasant |
| 1:56 | Guard Tower |
| 2:41 | Scout Tower |
| Right click | 97 |
| Select | 73 |
| Build/train/purchase | 14 |
| Assign group | 2 |
| Misc. action | 2 |
| Select group | 2 |
| Esc | 2 |